Cogmind - Beta 15 @@@ ROGUE MODE // 2025.06.23 @ 02:52:16 Player: CL-1C0 Result: Destroyed by G-73 Enforcer with Phase Gun Performance ------------- Evolutions (8) 4000 Regions Visited (22) 4400 Robots Destroyed (377) 1885 Value Destroyed (18055) 18055 Prototype IDs (42) 840 Alien Tech Used (4) 800 Bonus (10255) 10255 TOTAL SCORE: 40235 Bonus ------- High Alert Combat Kills 5909 Follower Combat Kills 3034 Network Hubs Disabled 400 Registered with UFD 300 Met Optimus in HQ 500 Met Warlord at Base 500 MAIN.C Attacked Warlord 500 Warlord Defense Kills 2020 Friendly Fire -2908 Cogmind --------- Core Integrity 0/1450 Matter 285/300 Energy 18/100 System Corruption 15% Temperature Cool (9) Movement Core (50) Location -2/Research Parts ------- > --- POWER (1) -------- (None) > --- PROPULSION (4) --- (None) > --- UTILITY (13) ----- Advanced Gravity Neutralizer Spectral Analyzer Advanced Targeting Computer Experimental Target Analyzer Experimental Core Analyzer Graphene Brace > --- WEAPON (5) ------- (None) > --- INVENTORY (5) ---- Subatomic Replicator Core Cannon Vortex Lance (39) Peak State ------------ > --- POWER ------------ Improved Quantum Reactor > --- PROPULSION ------- Armored Medium Treads Centrium Leg Overtuned Huge Scrapsphere > --- UTILITY ---------- Advanced Power Amplifier Experimental Cooling System High-capacity Storage Unit Spectral Analyzer Experimental Targeting Computer Experimental Target Analyzer Experimental Core Analyzer Centrium Medium Armor Plating Phase Armor Graphene Brace Experimental Focal Shield Long-range Tractor Beam > --- WEAPON ----------- Plasma Rifle Heavy Quantum Rifle Coil Gun Coil Gun Multirail > --- INVENTORY -------- Vortex Chain Reactor Flexi-carbon Leg Improved Matter Compressor Improved Thermal Defense Suite Phase Redirector Advanced Point Defense System Subatomic Replicator Terrabomb Terrabomb Core Cannon Sigix Terminator Improved Plasma Cutter CPS Tube Vortex Lance Vortex Lance [Rating: 205] Favorites ----------- Power Compact Particle Reactor Engine Improved Ion Engine Power Core Light Nuclear Core Reactor Compact Particle Reactor Propulsion Light Treads Treads Light Treads Leg Centrium Leg Wheel Overtuned Huge Scrapsphere Flight Unit Improved Flight Unit Utility High-capacity Storage Unit Device Scrap Suit Storage High-capacity Storage Unit Processor Spectral Analyzer Hackware Advanced Hacking Suite Protection Centrium Medium Armor Plating Artifact Phase Armor Weapon Plasma Rifle Energy Gun Plasma Rifle Energy Cannon Heavy Plasma Cannon Ballistic Gun Autogun Ballistic Cannon Flak Cannon Launcher Heavy Rocket Launcher Special Weapon CPS Tube Slashing Weapon Katana Piercing Weapon Vortex Lance Build | -11 -10 -9 -8 -8 -8 -8 -6 -5 -5 -5 -5 -5 -5 -5 -4 -4 -4 -4 -3 -3 -3 -2 ------- Run | Yrd Mat Mat Mat Sto Rec Scr Fac Fac Was Fac Ext Cet Arc Hub Fac Upp Upp War Pro Res Qua Res Slots Evolved 16 | . . 2 2 . . . 4 2 . . . . . . 2 . . . . 2 . 2 Power . | . . . . . . . . . . . . . . . . . . . . . . . Propulsion 2 | . . 1 1 . . . . . . . . . . . . . . . . . . . Utility 11 | . . 1 1 . . . 2 2 . . . . . . 2 . . . . 1 . 2 Weapon 3 | . . . . . . . 2 . . . . . . . . . . . . 1 . . Parts Attached 226 | . 7 13 10 3 5 5 29 7 9 4 4 14 . 4 11 3 2 12 1 9 31 43 Power 22 | . 1 2 . 1 1 1 3 . 1 . . 2 . . . . . 1 . 2 2 5 Engine 6 | . 1 2 . 1 . 1 1 . . . . . . . . . . . . . . . Core 3 | . . . . . 1 . 1 . . . . . . . . . . . . 1 . . Reactor 13 | . . . . . . . 1 . 1 . . 2 . . . . . 1 . 1 2 5 Propulsion 42 | . 2 4 6 . 4 1 6 . 1 1 . 1 . . 3 . . . . 1 5 7 Treads 26 | . 2 1 5 . 4 1 2 . 1 . . 1 . . 1 . . . . 1 3 4 Leg 4 | . . . 1 . . . . . . . . . . . . . . . . . 2 1 Wheel 11 | . . 2 . . . . 4 . . 1 . . . . 2 . . . . . . 2 Hover . | . . . . . . . . . . . . . . . . . . . . . . . Flight 1 | . . 1 . . . . . . . . . . . . . . . . . . . . Utility 95 | . 1 5 3 1 . 2 11 6 2 . 1 4 . 3 7 3 1 8 . 5 13 19 Device 48 | . 1 1 1 . . 1 7 3 1 . . 1 . . 4 3 1 4 . 4 7 9 Storage 4 | . . . 1 . . 1 . . . . . 1 . . . . . . . . 1 . Processor 15 | . . 1 1 . . . . 2 . . . . . 1 . . . 2 . . 3 5 Hackware 7 | . . . . . . . 2 1 . . . . . 2 1 . . . . 1 . . Protection 19 | . . 3 . 1 . . 2 . 1 . 1 2 . . 2 . . 2 . . . 5 Artifact 2 | . . . . . . . . . . . . . . . . . . . . . 2 . Weapon 67 | . 3 2 1 1 . 1 9 1 5 3 3 7 . 1 1 . 1 3 1 1 11 12 Energy Gun 8 | . 1 . . . . . 2 . . . . 2 . . . . . . . . 1 2 Energy Cannon 3 | . . . . . . . 1 . . . . . . . . . . . . . 1 1 Ballistic Gun 29 | . 1 . . 1 . 1 1 1 3 2 2 2 . . . . . . 1 1 5 8 Ballistic Cannon 4 | . . 2 . . . . . . . . . . . . . . . 2 . . . . Launcher 5 | . 1 . . . . . 2 . . . . . . 1 . . . . . . 1 . Special Weapon 11 | . . . . . . . 1 . 2 1 1 2 . . 1 . . 1 . . 1 1 Impact Weapon . | . . . . . . . . . . . . . . . . . . . . . . . Slashing Weapon 4 | . . . 1 . . . 2 . . . . . . . . . 1 . . . . . Piercing Weapon 3 | . . . . . . . . . . . . 1 . . . . . . . . 2 . Special Melee Weapon . | . . . . . . . . . . . . . . . . . . . . . . . Unidentified Prototypes 35 | . . 1 . . . . 1 1 . . . 8 . . . . . 7 1 1 13 2 Corrupted Parts 1 | . . . . . . . . . . . . . . . . . . . . . . 1 System Corruption 5 | . . . . . . . . . . . . . . . . . . . . . . 5 Parts Lost 91 | . 2 . 2 4 2 . 13 . . . 2 1 . 1 8 3 . 1 . 5 11 36 Power 8 | . . . . 1 1 . 2 . . . . . . . . . . . . 1 . 3 Propulsion 14 | . . . 2 1 1 . 4 . . . . . . . . . . . . . 3 3 Utility 38 | . 1 . . 1 . . 2 . . . 1 . . 1 5 2 . 1 . 3 2 19 Weapon 31 | . 1 . . 1 . . 5 . . . 1 1 . . 3 1 . . . 1 6 11 Highest Loss Streak 16 | . 1 . 1 3 2 . 8 . . . 1 1 . 1 7 3 . 1 . 3 6 16 To Critical Strikes . | . . . . . . . . . . . . . . . . . . . . . . . Average Backups 15 | . 6 7 14 14 13 9 17 18 18 18 18 17 18 17 15 13 16 18 18 18 17 14 Power . | . 1 . . 1 . . . . . 1 1 . 1 1 1 1 1 1 1 1 1 1 Propulsion . | . 2 1 3 3 3 1 . . . . . . 1 1 . . . . . . . . Utility 7 | . . 2 4 5 5 4 9 6 8 8 8 9 11 10 9 8 10 11 12 11 7 3 Weapon 3 | . 2 3 5 5 5 2 3 6 4 4 4 4 3 3 2 2 2 4 4 3 4 4 Tool/Special . | . . . . . . . . . . . . . . . . . . . . . . . Unused Backups 46 | . 1 6 4 . . 7 3 1 1 2 . 3 . . 1 . . 4 . . 7 6 Power 3 | . 1 1 . . . . . . . . . . . . . . . . . . . 1 Propulsion 4 | . . 1 . . . 3 . . . . . . . . . . . . . . . . Utility 18 | . . 1 . . . 1 3 . . 2 . 1 . . . . . 4 . . 5 1 Weapon 17 | . . 3 4 . . 3 . 1 1 . . 2 . . . . . . . . 2 1 Tool/Special 4 | . . . . . . . . . . . . . . . 1 . . . . . . 3 Average Slot Usage (%) 84 | . 93 97 96 95 94 80 86 93 91 86 81 81 82 81 79 79 84 81 77 76 81 82 Engine 2 | . 14 11 9 8 3 2 2 . . . . . . . . . . . . . . . Reactor 3 | . . . . . . . 2 5 5 5 5 5 5 5 5 5 5 5 5 3 4 3 Treads 14 | . 23 29 33 32 31 36 16 . . 5 5 5 5 5 4 5 5 5 5 4 6 7 Wheel 4 | . . 2 . . . . 5 23 21 9 5 5 5 5 5 5 5 5 5 4 4 1 Device 15 | . 8 9 16 14 9 9 11 22 13 18 16 17 17 12 10 24 31 25 20 17 17 16 Storage 6 | . 14 11 9 9 9 7 6 5 5 5 5 5 5 5 5 5 5 5 5 4 4 3 Processor 10 | . . 1 9 9 9 9 4 7 11 11 11 11 11 11 12 5 5 9 15 14 15 21 Hackware 1 | . . . . . . . 5 . 5 1 . . . 4 10 5 5 4 . 1 . . Protection 3 | . . 9 . 3 9 3 3 3 2 2 5 4 5 4 5 5 . 1 5 2 2 3 Energy Gun 2 | . 8 . . . . . 2 5 5 5 1 5 5 4 1 5 5 3 . 4 1 7 Ballistic Gun 10 | . 18 . . 3 9 4 8 13 14 14 19 11 16 16 11 7 10 7 4 11 16 11 Ballistic Cannon 2 | . . 20 15 7 1 . 2 . . . . . . . . . . 1 5 1 . . Slashing Weapon 2 | . . . 2 5 7 3 5 2 . 1 . . . . 4 2 3 2 . 1 2 . Peak Build Rating 205 | . 7 17 29 29 27 34 69 68 67 82 87 110 110 112 131 120 117 146 139 155 172 205 Average Rating 87 | . 6 14 25 25 24 23 52 67 62 73 83 100 109 111 118 116 113 123 136 149 155 170 On Entrance 77 | 6 6 6 16 29 23 26 34 61 66 67 82 87 108 110 109 114 115 117 130 138 153 168 Naked Turns . | . . . . . . . . . . . . . . . . . . . . . . . Heaviest Build 144 | 13 14 36 43 42 42 60 87 82 80 86 92 91 89 91 90 88 82 144 114 120 137 136 Greatest Support 160 | 20 40 60 87 87 85 82 80 32 32 20 20 20 20 20 160 80 20 20 20 20 20 120 Greatest Overweight (x) 10 | . . 1 . . . 1 10 2 4 5 4 4 4 4 4 1 4 7 5 5 6 6 Average Overweight (x) 2 | . . . . . . . . 2 2 4 4 3 4 3 2 . 3 3 5 4 4 1 Largest Inventory Capacity 20 | . 8 8 15 15 15 20 20 20 20 20 20 20 20 20 20 20 20 20 20 20 20 20 Average Capacity 18 | . 8 8 14 15 15 14 20 20 20 20 20 20 20 20 20 20 20 20 20 20 20 19 Most Carried 20 | . 8 8 15 15 14 20 20 20 20 20 20 20 20 20 20 16 18 20 20 20 20 20 Average Carried 16 | . 6 7 14 14 13 10 18 19 19 19 19 19 20 19 17 14 16 18 19 19 19 18 Final Capacity 20 | 8 8 8 15 15 15 20 20 20 20 20 20 20 20 20 20 20 20 20 20 20 20 5 Final Carried 20 | 6 7 8 15 14 14 20 20 20 19 20 20 20 20 17 17 13 18 20 20 20 20 4 Class Distribution -------------------- 23% | Scavenger-Tank 23% | Scavenger-Scrapper 17% | Commander-Mutant 16% | Scavenger-Gunner 10% | Mutant 6% | Scavenger-Mutant Dominant Class ---------------- Mutant | -10/Materials Mutant | -9/Materials Mutant | -8/Materials Scavenger-Mutant | -8/Storage Commander-Mutant | -8/Recycling Commander-Mutant | -8/Scraptown Scavenger-Scrapper | -6/Factory Scavenger-Scrapper | -5/Factory Scavenger-Scrapper | -5/Waste Scavenger-Scrapper | -5/Factory Scavenger-Scrapper | -5/Extension Scavenger-Scrapper | -5/Cetus Scavenger-Scrapper | -5/Archives Scavenger-Scrapper | -5/Hub_04(d) Scavenger-Tank | -4/Factory Scavenger-Tank | -4/Upper Caves Scavenger-Tank | -4/Upper Caves Scavenger-Tank | -4/Warlord Scavenger-Tank | -3/Proximity Caves Scavenger-Tank | -3/Research Scavenger-Gunner | -3/Quarantine Scavenger-Gunner | -2/Research Resources | -11 -10 -9 -8 -8 -8 -8 -6 -5 -5 -5 -5 -5 -5 -5 -4 -4 -4 -4 -3 -3 -3 -2 ----------- Run | Yrd Mat Mat Mat Sto Rec Scr Fac Fac Was Fac Ext Cet Arc Hub Fac Upp Upp War Pro Res Qua Res Matter Collected 11804 | 200 290 354 411 290 84 30 915 218 110 343 866 220 201 169 693 221 10 946 248 1157 1877 1951 Remotely 232 | . . . . . . . . . . . . . . . . . . . . . . 232 Salvage Created 19696 | . 432 285 406 261 475 . 1547 206 . 693 1634 134 357 819 1612 214 301 773 76 2264 2463 4744 Parts 1042 | . 30 11 25 18 23 . 89 14 . 27 74 19 15 49 74 13 1 20 13 155 149 223 Haulers Intercepted 8 | . . 1 1 1 . . . . . 1 . . . 1 . . . . . . 2 1 Recyclers Shooed 12 | . 1 3 . . 1 . 1 . . . . . . . 2 . . . . . . 4 Parts Field Recycled . | . . . . . . . . . . . . . . . . . . . . . . . Retrieved Matter . | . . . . . . . . . . . . . . . . . . . . . . . Parts Self-Destructed 25 | . . . . . . . . . . . . . . . . 12 . . 13 . . . Prevented 1 | . . . . . . . . . . . . . . . . 1 . . . . . . Kills | -11 -10 -9 -8 -8 -8 -8 -6 -5 -5 -5 -5 -5 -5 -5 -4 -4 -4 -4 -3 -3 -3 -2 ------- Run | Yrd Mat Mat Mat Sto Rec Scr Fac Fac Was Fac Ext Cet Arc Hub Fac Upp Upp War Pro Res Qua Res Combat Hostiles Destroyed 290 | . 16 8 16 8 2 . 26 6 . 7 26 1 4 6 23 6 . 14 5 32 26 58 Melee 14 | . . . 2 3 2 . 3 . . . . . . . 2 . . . . . 1 1 Guns 201 | . 11 . . . . . 11 6 . 7 26 1 4 6 12 6 . . 1 31 22 57 Cannons 49 | . . 8 14 1 . . 4 . . . . . . . . . . 14 4 1 3 . AOE 25 | . 5 . . 4 . . 7 . . . . . . . 9 . . . . . . . Classes Destroyed 27 | . 4 3 1 1 2 . 3 1 . 1 2 . . . 1 . 1 1 1 1 2 2 Worker 14 | . . . . 1 . . 2 1 . 1 . . . 3 . . . . . . 1 5 Builder 24 | . . . . . 2 . 5 . . 2 1 . . 4 1 . . . . 3 4 2 Tunneler 4 | . . . . . . . 1 1 . . 1 . . . . . . . . . . 1 Hauler 8 | . . 1 1 1 . . . . . 1 . . . 1 . . . . . . 2 1 Recycler 14 | . . . . . 5 . 2 . . . 1 . . 2 2 . . . . . . 2 Mechanic 3 | . . . . . . . . . . . 1 . . . . . . . . . 2 . Operator 4 | . 1 . . . . . 1 . . . . . . 1 . . . . . . 1 . Drone 2 | . . . . . . . . . . . . . . . . . . . 2 . . . Watcher 9 | . 1 1 1 . . . 2 . . . . . . . . . . . . . 3 1 Swarmer 63 | . 6 . 5 4 . . 3 5 . . 9 . . . 3 5 . . 3 5 2 13 Saboteur 1 | . . . . . . . . . . . . . . . . . . . . . . 1 Grunt 92 | . 10 3 6 . . . 19 . . 4 5 . . 2 13 . . 8 . 6 6 10 Brawler 8 | . . 2 . . . . . . . 1 1 . . . . . . 2 . . . 2 Duelist 3 | . . . 2 . . . . . . . . . . . . . . 1 . . . . Protector 1 | . . . . . . . . . . . . . . . . . . . . . . 1 Researcher 1 | . . . . . . . . . . . . . . . . . . . . . 1 . Sentry 38 | . . 3 3 4 2 . . . . . 7 . 4 1 3 1 . . . 3 2 5 Demolisher 1 | . . . . . . . . . . . . . . . . . . 1 . . . . Specialist 6 | . . . . . . . . . . . 1 . . . . . . 1 . . 3 1 Hunter 25 | . . . . . . . . 1 . . . . . . 3 . . . . 6 4 11 Programmer 40 | . . . . . . . 3 . . 2 1 . . 3 1 . . . . 10 8 12 Heavy 2 | . . . . . . . . . . . . . . . . . . . . 2 . . Behemoth 5 | . . . . . . . 1 . . . 2 . . . . . . . . . . 2 Cetus Guard 1 | . . . . . . . . . . . . 1 . . . . . . . . . . Striker 1 | . . . . . . . . . . . . . . . . . . 1 . . . . Alpha 7 1 | . . . . . . . . . . . . . . . . . . . . . 1 . Scrapoid 2 | . . . . . . . . . . . . . . . 1 . . . . 1 . . Samaritan 1 | . . . . . . . . . . . . . . . . . 1 . . . . . Wasp 1 | . . . . . . . . . . 1 . . . . . . . . . . . . Martyr 1 | . . . . . . . . . . 1 . . . . . . . . . . . . Commander 1 | . . . . . . . . . . . . . . . . . . 1 . . . . Best Kill Streak 10 | . 4 3 5 8 2 . 8 5 . 4 6 1 3 9 10 5 . 4 3 5 7 8 Combat Bots Only 9 | . 3 3 5 6 1 . 5 5 . 3 6 1 3 4 9 5 . 4 3 5 4 7 Max Kills in Single Turn 5 | . 2 1 2 3 1 . 3 1 . 1 2 1 1 5 3 1 1 1 1 4 2 3 Gunslinging 2 | . . . . . . . . . . . 1 . . 1 1 . . . . 1 . 2 Exploded 3 | . 2 . . 3 . . 3 . . . . . . . 3 . . . . . . . Melee 1 | . . . 1 1 1 . 1 . . . . . . . 1 . . . . . 1 1 Uniques/NPCs Destroyed 1 | . . . . . . . . . . . . 1 . . . . . . . . . . A7 (-5/Cetus) Combat | -11 -10 -9 -8 -8 -8 -8 -6 -5 -5 -5 -5 -5 -5 -5 -4 -4 -4 -4 -3 -3 -3 -2 -------- Run | Yrd Mat Mat Mat Sto Rec Scr Fac Fac Was Fac Ext Cet Arc Hub Fac Upp Upp War Pro Res Qua Res Hostile Shots Fired 1908 | . 99 29 75 37 10 . 161 21 . 28 110 3 26 24 215 53 3 29 5 138 328 514 Missed 559 | . 29 5 21 6 2 . 34 7 . 12 29 2 8 7 73 14 . 9 3 35 108 155 Hits 1349 | . 70 24 54 31 8 . 127 14 . 16 81 1 18 17 142 39 3 20 2 103 220 359 Melee 5 | . . . . . . . . . . 1 2 . . . . . . 1 . . . 1 Projectile 1344 | . 70 24 54 31 8 . 127 14 . 15 79 1 18 17 142 39 3 19 2 103 220 358 AOE 4 | . . . . . 2 . . . . . . . . . 2 . . . . . . . Critical Strikes 46 | . . . . 1 . . 7 . . 2 3 . . 1 5 . 1 1 . 5 7 13 Actively Blocked 17 | . . . . . . . . . . . . . . . . . 1 . . 2 1 13 Part Disruptions 3 | . . . . . . . . . . . . . . . . . . . . 2 1 . Damage Taken 26937 | . 725 290 672 420 206 . 2596 237 14 354 1731 65 476 552 2936 627 98 465 47 2406 3642 8378 Core 3620 | . 146 29 53 64 13 . 281 28 . 35 153 . 57 62 255 36 . 90 47 317 497 1457 Absorbed by Shields 112 | . . . . . . . . . . . 78 15 . . . . . 19 . . . . Reduced by Siege Mode 87 | . . . . . . . . . . . . . . . . . . . . . . 87 Redirected to Core 701 | . . . . . . . . . . . . . . . . . . . . . 286 415 Redirected to Shielding 115 | . . . . . . . . . . . . . . . . . . . . . . 115 Ignored by Resistances 390 | . . . . . . . . . . . . . . . . . . 10 . . 247 133 Regen/Repaired (Parts) 2144 | . . . . . . 13 29 5 154 98 839 33 144 97 70 43 43 313 . 77 176 10 Core Remaining (%) 67 | 100 41 92 . . . 76 66 . . . . . . 66 . . . . 62 . 37 . Volleys Fired 769 | . 65 25 43 6 1 . 69 16 4 25 61 6 20 17 40 15 . 39 11 68 91 147 Largest 5 | . 2 2 2 2 2 . 4 4 4 4 4 4 4 4 3 2 . 2 2 5 5 5 Hottest 308 | . 60 74 74 74 60 . 209 163 160 168 175 131 182 182 170 98 . 152 114 308 283 263 Shots Fired 2176 | . 127 44 69 7 2 . 149 53 7 84 233 15 67 57 104 30 . 43 15 237 303 530 Gun 1893 | . 124 . . . 1 . 108 53 4 83 232 12 67 54 96 30 . . 4 229 268 528 Cannon 238 | . . 44 69 3 1 . 27 . . . . . . . . . . 42 11 7 34 . Launcher 29 | . 3 . . 4 . . 13 . . . . . . 3 6 . . . . . . . Special 16 | . . . . . . . 1 . 3 1 1 3 . . 2 . . 1 . 1 1 2 Kinetic 1611 | . 90 44 69 3 2 . 100 37 3 67 205 12 60 42 81 15 . 42 15 189 250 285 Thermal 509 | . 34 . . . . . 35 16 1 16 27 . 7 12 15 15 . . . 36 52 243 Explosive 29 | . 3 . . 4 . . 13 . . . . . . 3 6 . . . . . . . Electromagnetic 11 | . . . . . . . . . . . . . . . . . . . . 11 . . Robot Hit Streak 50 | . 15 10 7 3 4 . 10 4 11 17 15 5 7 12 12 5 . 10 3 16 14 50 Robot Miss Streak 10 | . 2 5 10 4 1 . 8 8 . 4 6 3 2 3 2 5 . 2 2 5 4 5 Penetration Max 2 | . . . . . . . . . . . 1 1 1 . 1 . . . . 2 1 1 Secondary Targets 66 | . . . . . . . 1 2 . 4 9 . . 2 5 2 . . . 10 7 24 Max Gunslinging Chain 2 | . . . . . . . 1 1 . 1 2 . . 1 1 1 . . . 2 1 2 Shots Hit Robots 1518 | . 92 39 65 12 16 . 118 22 7 52 153 21 45 34 85 13 7 32 6 154 187 358 Core Hits 874 | . 30 41 69 13 5 . 103 10 . 23 71 11 12 27 64 10 3 15 5 81 96 185 Critical Kills 37 | . . . . . . . . . . 2 4 . 2 3 3 . . . . 3 9 11 Critical Parts Destroyed 54 | . 1 . . . . . . 2 1 1 4 . 2 3 7 . . . 1 4 8 20 Critical Strikes 136 | . 1 . 1 1 . . 3 2 1 5 11 . 6 6 17 . . 1 1 8 21 51 Burn 26 | . . . . . . . . . . 2 3 . . . 3 . . . . . . 18 Destroy 95 | . 1 . . . . . . 2 1 3 8 . 6 6 10 . . . 1 7 17 33 Blast 1 | . . . . . . . . . . . . . . . . . . 1 . . . . Corrupt 1 | . . . . . . . . . . . . . . . . . . . . 1 . . Sever 10 | . . . 1 1 . . 3 . . . . . . . 4 . . . . . 1 . Sunder 3 | . . . . . . . . . . . . . . . . . . . . . 3 . Melee Attacks 178 | . . . 8 13 15 . 46 6 . 7 . 11 . 5 20 . 9 . . 2 33 3 Impact . | . . . . . . . . . . . . . . . . . . . . . . . Slashing 159 | . . . 8 13 15 . 46 6 . 7 . . . 5 20 . 9 . . 2 28 . Piercing 11 | . . . . . . . . . . . . 11 . . . . . . . . . . Entropic 8 | . . . . . . . . . . . . . . . . . . . . . 5 3 Sneak Attacks 44 | . . . . 1 13 . 6 1 . 2 . 11 . 1 5 . 1 . . . 3 . Combat Hostiles 2 | . . . . . 2 . . . . . . . . . . . . . . . . . Follow-up Attacks . | . . . . . . . . . . . . . . . . . . . . . . . Damage Inflicted 47181 | . 1326 708 1320 700 951 . 4100 426 80 1247 4146 899 1278 1896 4566 273 454 2451 350 4916 5622 9472 Guns 31459 | . 1001 . . . 17 . 1611 351 80 1079 4146 301 1278 1029 1943 273 . . 55 4533 4363 9399 Cannons 6149 | . . 697 1160 45 32 . 599 . . . . . . . . . . 2451 295 289 581 . Explosions 4423 | . 319 . . 369 . . 1072 . . . . . . 772 1797 . . . . 94 . . Melee 5021 | . . . 160 286 902 . 818 75 . 168 . 598 . 95 823 . 454 . . . 642 . Ramming 129 | . 6 11 . . . . . . . . . . . . 3 . . . . . 36 73 Kinetic 29488 | . 683 697 1160 45 49 . 1643 246 58 856 3635 301 1133 811 1672 119 . 2451 350 3969 4043 5567 Thermal 7963 | . 318 . . . . . 567 105 22 223 511 . 145 218 271 154 . . . 696 901 3832 Explosive 3724 | . 319 . . 369 . . 1072 . . . . . . 73 1797 . . . . 94 . . Electromagnetic 856 | . . . . . . . . . . . . . . 699 . . . . . 157 . . Impact . | . . . . . . . . . . . . . . . . . . . . . . . Slashing 4177 | . . . 160 286 902 . 818 75 . 168 . . . 95 823 . 454 . . . 396 . Piercing 598 | . . . . . . . . . . . . 598 . . . . . . . . . . Entropic 246 | . . . . . . . . . . . . . . . . . . . . . 246 . Highest Corruption 15 | . . 3 . . . . 2 . . . . . . 3 . . . . . 4 7 15 Average Corruption 2 | . . 3 . . . . 1 . . . . . . 2 . . . . . 2 2 4 Corruption Purged 11 | . . . . . . . 2 . . . . . . . . . . . . 4 2 3 Corruption Blocked . | . . . . . . . . . . . . . . . . . . . . . . . Effects 59 | . . 4 . . . . 1 . . . . . . 1 . . . . . 2 24 27 Message Errors 19 | . . 1 . . . . . . . . . . . 1 . . . . . 1 7 9 Matter Fused 7 | . . . . . . . . . . . . . . . . . . . . . 6 1 Heat Flow Errors 5 | . . . . . . . . . . . . . . . . . . . . . . 5 Energy Discharges 8 | . . 1 . . . . 1 . . . . . . . . . . . . 1 3 2 Parts Rejected 2 | . . . . . . . . . . . . . . . . . . . . . 1 1 Data Loss (minor) 4 | . . 1 . . . . . . . . . . . . . . . . . . 1 2 Data Loss (major) 5 | . . 1 . . . . . . . . . . . . . . . . . . 3 1 Misfires 3 | . . . . . . . . . . . . . . . . . . . . . 1 2 Weapon Failures 6 | . . . . . . . . . . . . . . . . . . . . . 2 4 Overload Shots . | . . . . . . . . . . . . . . . . . . . . . . . Overflow Damage 1202 | . 5 . . . 366 . 214 35 . 45 . 11 . 53 68 . 196 83 . . 126 . Projectiles 110 | . . . . . . . . . . . . . . . . . . 83 . . 27 . Explosions 80 | . 5 . . . . . 19 . . . . . . 53 3 . . . . . . . Melee 1012 | . . . . . 366 . 195 35 . 45 . 11 . . 65 . 196 . . . 99 . Knockbacks 55 | . . 6 41 . . . 2 . . . . . . . . . . 5 . . 1 . Impact 1 | . . . . . . . . . . . . . . . . . . . . . 1 . Kinetic 47 | . . 5 35 . . . 2 . . . . . . . . . . 5 . . . . Secondary 7 | . . 1 6 . . . . . . . . . . . . . . . . . . . Self-Inflicted Damage 364 | . 15 . . . . . 126 . . . . . . 187 . . . . . . 18 18 Shots 7 | . 1 . . . . . 4 . . . . . . 2 . . . . . . . . Rammed 11 | . . 5 . . . . . . . . 1 . . . 1 . . . . . 1 3 Targets Rammed 13 | . 1 5 . . . . . . . . 1 . . . 1 . . . . . 1 4 Kicked 1 | . 1 . . . . . . . . . . . . . . . . . . . . . Crushed 1 | . . . . . . . . . . . . . . . . . . . . . . 1 Highest Temperature 545 | . 182 145 . 3 . . 200 76 36 168 272 . 117 192 288 116 . 200 63 233 74 545 Average Temperature 72 | . 70 87 . 3 . . 83 29 27 60 103 . 52 68 114 44 . 47 27 111 24 66 Received Heat Transfer 4292 | . 294 147 225 126 36 . 732 . . 90 262 . 24 54 456 36 6 70 . 273 534 927 Effects 12 | . . . . . . . 1 . . . 6 . . . 2 . . . . . . 3 Shutdowns 2 | . . . . . . . . . . . . . . . . . . . . . . 2 Energy Bleed 2 | . . . . . . . 1 . . . . . . . . . . . . . . 1 Interference 8 | . . . . . . . . . . . 6 . . . 2 . . . . . . . Siege Activations 5 | . . . . . . . . . . . . . . . . . . . . . . 5 Total Turns 54 | . . . . . . . . . . . . . . . . . . . . . . 54 Longest Duration 20 | . . . . . . . . . . . . . . . . . . . . . . 20 Martial Activations . | . . . . . . . . . . . . . . . . . . . . . . . Shielding Activations . | . . . . . . . . . . . . . . . . . . . . . . . Robots Disrupted . | . . . . . . . . . . . . . . . . . . . . . . . Combat Hostiles . | . . . . . . . . . . . . . . . . . . . . . . . Robots Corrupted . | . . . . . . . . . . . . . . . . . . . . . . . Combat Hostiles . | . . . . . . . . . . . . . . . . . . . . . . . Parts Fried 5 | . . . . . . . . . . . . . . 5 . . . . . . . . Impact Corruptions . | . . . . . . . . . . . . . . . . . . . . . . . Robots Melted 1 | . . . . . . . 1 . . . . . . . . . . . . . . . Combat Hostiles 1 | . . . . . . . 1 . . . . . . . . . . . . . . . Parts Melted 33 | . . . . . . . 3 . . 2 1 . . . 4 . . . . 6 . 17 Heat Transferred 15263 | . 675 . . . . . 1074 250 50 750 1450 . 222 259 750 350 . . . 1150 1196 7087 Parts Sabotaged 2 | . . . . . . . . . . . . . . . . . . 2 . . . . Parts Stolen . | . . . . . . . . . . . . . . . . . . . . . . . Parts Stripped . | . . . . . . . . . . . . . . . . . . . . . . . Power Chain Reactions . | . . . . . . . . . . . . . . . . . . . . . . . Alert | -11 -10 -9 -8 -8 -8 -8 -6 -5 -5 -5 -5 -5 -5 -5 -4 -4 -4 -4 -3 -3 -3 -2 ------- Run | Yrd Mat Mat Mat Sto Rec Scr Fac Fac Was Fac Ext Cet Arc Hub Fac Upp Upp War Pro Res Qua Res Maximum Alert Level 5 | . . . . 1 . . 2 1 . 3 5 4 2 3 4 . . . . 4 3 5 Low Security (%) 42 | . 100 100 100 90 100 . 50 20 100 57 . . . 92 . . . . . 29 . . Level 1 9 | . . . . 9 . . 25 79 . 10 21 . . . 15 . . . . 9 . 1 Level 2 17 | . . . . . . . 24 . . 10 9 . 100 1 47 . . . . 20 10 45 Level 3 18 | . . . . . . . . . . 21 18 77 . 6 13 . . . . 26 89 20 Level 4 9 | . . . . . . . . . . . 45 22 . . 24 . . . . 12 . 22 Level 5 1 | . . . . . . . . . . . 4 . . . . . . . . . . 10 High Security . | . . . . . . . . . . . . . . . . . . . . . . . Max Security . | . . . . . . . . . . . . . . . . . . . . . . . Peak Influence 1882 | . 162 120 122 202 156 . 502 286 70 897 1882 1124 525 834 1231 . . . . 1200 1000 1877 Initial 1050 | . . 45 17 40 63 . . 241 70 . 380 1050 417 162 394 . . . . 159 670 558 Average 474 | . 97 71 64 130 78 . 212 225 13 321 1007 1073 488 180 745 . . . . 585 819 898 Influence Increases 14638 | . 421 283 428 262 427 . 1178 175 4 1275 2210 173 138 946 1292 130 10 280 80 1643 942 2341 Destroy 0b10 Robot/C 7220 | . 320 160 320 160 120 . 600 120 . 520 920 80 80 120 640 120 . 280 60 800 540 1260 Destroy 0b10 Robot/NC 460 | . 10 10 10 10 35 . 65 10 . 30 30 5 . 55 15 . 10 . 10 20 65 70 Destroy Leader 1290 | . 52 54 84 52 . . 144 20 . 82 104 . . 32 120 10 . . 10 182 90 254 Allied During Kill 2251 | . . . . . 87 . 58 . . 494 997 84 . . 134 . . . . 231 . 166 Successful Hack 235 | . 13 14 13 13 5 . . . . 18 26 . . 24 48 . . . . 16 21 24 Select Force Hacks 180 | . . . . . 180 . . . . . . . . . . . . . . . . . Disable Machine 750 | . . . . . . . 135 15 . 75 30 . 30 165 90 . . . . 45 120 45 Destroy Structure 1607 | . 11 . 1 27 . . 161 10 4 56 58 4 28 550 170 . . . . 184 106 237 Advance Influence 150 | . . . . . . . . . . . . . . . . . . . . 150 . . Partial Spotted 15 | . . . . . . . . . . . 15 . . . . . . . . . . . Lose Combat Pursuer 480 | . 15 45 . . . . 15 . . . 30 . . . 75 . . . . 15 . 285 Influence Decreases 12786 | . 312 350 372 198 565 24 684 467 206 498 1111 1006 716 605 890 828 257 365 244 465 1142 1481 Entered New Map 5166 | . . 64 25 58 99 24 . 253 132 . 397 826 626 303 412 448 97 263 178 5 522 434 Time Decay 5724 | . 292 286 334 100 386 . 391 214 74 298 434 110 90 262 318 350 160 92 66 350 510 607 Lost Part 846 | . 20 . 13 40 20 . 73 . . . 20 10 . 10 80 30 . 10 . 50 110 360 Lost Ally 1050 | . . . . . 60 . 220 . . 200 260 60 . 30 80 . . . . 60 . 80 Squads Dispatched 85 | . 3 . 2 2 . . 11 4 . 10 5 . . 1 13 . . . . 8 8 18 Investigation 28 | . 3 . 1 . . . 5 2 . 3 2 . . . 5 . . . . 2 2 3 Extermination 15 | . . . . . . . 2 . . 2 . . . 1 1 . . . . 2 3 4 Reinforcement 19 | . . . 1 . . . 4 2 . 2 1 . . . 2 . . . . 3 3 1 Assault 8 | . . . . . . . . . . . 2 . . . 1 . . . . 1 . 4 Garrison 15 | . . . . 2 . . . . . 3 . . . . 4 . . . . . . 6 Intercept . | . . . . . . . . . . . . . . . . . . . . . . . Searches Triggered . | . . . . . . . . . . . . . . . . . . . . . . . Construction Impeded 4 | . . . . . . . 1 1 . . 1 . . . 1 . . . . . . . Haulers Reinforced 2 | . . . . . . . . . . 1 . . . . . . . . . 1 . . Active Scanning Responses . | . . . . . . . . . . . . . . . . . . . . . . . Cargo Convoy Interrupts . | . . . . . . . . . . . . . . . . . . . . . . . Stealth | -11 -10 -9 -8 -8 -8 -8 -6 -5 -5 -5 -5 -5 -5 -5 -4 -4 -4 -4 -3 -3 -3 -2 --------- Run | Yrd Mat Mat Mat Sto Rec Scr Fac Fac Was Fac Ext Cet Arc Hub Fac Upp Upp War Pro Res Qua Res Distress Signals 17 | . . . 1 . . . 5 . . 1 2 1 . . . . . . . . 1 6 Communications Jammed 70 | . . . . . . . . . . 3 66 . . . . . . . . . 1 . Distress Signals 70 | . . . . . . . . . . 3 66 . . . . . . . . . 1 . Times Spotted 485 | . 21 12 23 8 6 . 40 8 1 19 46 6 10 13 41 7 1 33 4 39 37 110 Peak Tracking Total 16 | . 3 4 5 4 2 . 6 5 1 4 7 5 1 4 9 5 1 12 3 6 4 16 Tactical Retreats 17 | . 1 2 . . . . 1 . . . 2 . . . 4 . . . . 1 . 6 Traps | -11 -10 -9 -8 -8 -8 -8 -6 -5 -5 -5 -5 -5 -5 -5 -4 -4 -4 -4 -3 -3 -3 -2 ------- Run | Yrd Mat Mat Mat Sto Rec Scr Fac Fac Was Fac Ext Cet Arc Hub Fac Upp Upp War Pro Res Qua Res Traps Triggered 19 | . 2 . 1 . . . . 1 . 1 6 . . 2 1 . . . . 1 4 . Indirectly . | . . . . . . . . . . . . . . . . . . . . . . . Trap Hack Attempts . | . . . . . . . . . . . . . . . . . . . . . . . Triggered . | . . . . . . . . . . . . . . . . . . . . . . . Disarmed . | . . . . . . . . . . . . . . . . . . . . . . . Reprogrammed . | . . . . . . . . . . . . . . . . . . . . . . . Reused . | . . . . . . . . . . . . . . . . . . . . . . . Traps Extracted . | . . . . . . . . . . . . . . . . . . . . . . . Installed . | . . . . . . . . . . . . . . . . . . . . . . . Triggered . | . . . . . . . . . . . . . . . . . . . . . . . Machines | -11 -10 -9 -8 -8 -8 -8 -6 -5 -5 -5 -5 -5 -5 -5 -4 -4 -4 -4 -3 -3 -3 -2 ---------- Run | Yrd Mat Mat Mat Sto Rec Scr Fac Fac Was Fac Ext Cet Arc Hub Fac Upp Upp War Pro Res Qua Res Machines Disabled 51 | . . . . . . . 9 1 . 5 2 . 2 11 6 . . 1 . 3 8 3 Max in Single Turn 6 | . . . . . . . 3 1 . 1 1 . 1 6 2 . . 1 . 1 1 1 Garrison Access 1 | . . . . . . . . . . . . . . . . . . . . . 1 . Network Hub 2 | . . . . . . . . . . . . . . 2 . . . . . . . . Machines Repaired . | . . . . . . . . . . . . . . . . . . . . . . . Machines Dismantled 4 | . . . . . . . . . . 2 1 . . . . . . 1 . . . . Machines Sabotaged . | . . . . . . . . . . . . . . . . . . . . . . . Overloaded Fab Kills . | . . . . . . . . . . . . . . . . . . . . . . . Hacking | -11 -10 -9 -8 -8 -8 -8 -6 -5 -5 -5 -5 -5 -5 -5 -4 -4 -4 -4 -3 -3 -3 -2 --------- Run | Yrd Mat Mat Mat Sto Rec Scr Fac Fac Was Fac Ext Cet Arc Hub Fac Upp Upp War Pro Res Qua Res Machines Accessed 83 | . 3 4 2 2 10 3 7 5 . 5 11 . . 3 7 . . 5 . 3 5 8 Terminals 45 | . 3 3 2 2 4 . 2 2 . 2 9 . . 3 3 . . . . 2 3 5 Fabricators . | . . . . . . . . . . . . . . . . . . . . . . . Repair Stations . | . . . . . . . . . . . . . . . . . . . . . . . Recycling Units 26 | . . . . . 6 . 5 2 . 3 2 . . . 4 . . . . 1 . 3 Scanalyzers 2 | . . 1 . . . . . . . . . . . . . . . . . . 1 . Garrison Access 2 | . . . . . . . . 1 . . . . . . . . . . . . 1 . Total Hacks 248 | . 9 9 7 7 18 27 9 5 . 8 19 . . 5 23 . . 15 . 26 14 47 Successful 123 | . 4 3 3 3 9 27 7 2 . 5 9 . . 2 12 . . 15 . 7 3 12 Failed 125 | . 5 6 4 4 9 . 2 3 . 3 10 . . 3 11 . . . . 19 11 35 Catastrophic 33 | . 2 2 3 . 1 . . 2 . 1 2 . . . 1 . . . . 6 4 9 Database Lockouts . | . . . . . . . . . . . . . . . . . . . . . . . Manual 145 | . 9 5 3 6 11 . 8 3 . 4 3 . . 3 23 . . . . 26 2 39 Terminals 156 | . 9 6 7 7 12 . 4 2 . 4 16 . . 5 18 . . . . 23 8 35 Fabricators . | . . . . . . . . . . . . . . . . . . . . . . . Repair Stations . | . . . . . . . . . . . . . . . . . . . . . . . Recycling Units 40 | . . . . . 6 . 5 2 . 4 3 . . . 5 . . . . 3 . 12 Scanalyzers 5 | . . 3 . . . . . . . . . . . . . . . . . . 2 . Garrison Access 5 | . . . . . . . . 1 . . . . . . . . . . . . 4 . Terminal Hacks 89 | . 4 3 3 3 3 27 2 . . 2 7 . . 1 7 . . 15 . 4 2 6 Record 41 | . . . . . . 27 . . . . . . . . . . . 14 . . . . Part Schematic 3 | . 1 . 1 . 1 . . . . . . . . . . . . . . . . . Robot Schematic 1 | . 1 . . . . . . . . . . . . . . . . . . . . . Robot Analysis 5 | . 2 1 1 . 1 . . . . . . . . . . . . . . . . . Prototype ID Bank 1 | . . . . . 1 . . . . . . . . . . . . . . . . . Open Door 9 | . . . . . . . . . . 1 6 . . . . . . 1 . . 1 . Level Access Points 3 | . . . . . . . . . . . . . . 1 1 . . . . 1 . . Branch Access Points 6 | . . 1 1 1 . . . . . 1 . . . . 1 . . . . 1 . . Terminal Index 6 | . . . . 1 . . 1 . . . 1 . . . 1 . . . . 1 . 1 Recycling Unit Index 1 | . . . . . . . . . . . . . . . . . . . . 1 . . Locate Traps 1 | . . . . . . . . . . . . . . . . . . . . . 1 . Maintenance Status 1 | . . . . . . . . . . . . . . . . . . . . . . 1 Security Status 1 | . . . . . . . . . . . . . . . . . . . . . . 1 Transport Status 1 | . . . . . . . . . . . . . . . . . . . . . . 1 Recall Investigation 4 | . . . . 1 . . 1 . . . . . . . 2 . . . . . . . Recall Extermination 1 | . . . . . . . . . . . . . . . 1 . . . . . . . Recall Assault 1 | . . . . . . . . . . . . . . . 1 . . . . . . . Registered Components 1 | . . . . . . . . . . . . . . . . . . . . . . 1 Zone Layout 2 | . . 1 . . . . . . . . . . . . . . . . . . . 1 Fabricator Hacks . | . . . . . . . . . . . . . . . . . . . . . . . Repair Station Hacks . | . . . . . . . . . . . . . . . . . . . . . . . Recycling Unit Hacks . | . . . . . . . . . . . . . . . . . . . . . . . Scanalyzer . | . . . . . . . . . . . . . . . . . . . . . . . Garrison Access Hacks 1 | . . . . . . . . . . . . . . . . . . . . . 1 . Seal Access 1 | . . . . . . . . . . . . . . . . . . . . . 1 . Unauthorized Hacks 33 | . . . . . 6 . 5 2 . 3 2 . . 1 5 . . . . 3 . 6 Terminals 8 | . . . . . . . . . . . . . . 1 1 . . . . 2 . 4 Track 1 | . . . . . . . . . . . . . . . . . . . . . . 1 Assimilate 1 | . . . . . . . . . . . . . . . . . . . . . . 1 Botnet 4 | . . . . . . . . . . . . . . 1 1 . . . . 1 . 1 Operators 2 | . . . . . . . . . . . . . . . . . . . . 1 . 1 Fabricators . | . . . . . . . . . . . . . . . . . . . . . . . Repair Stations . | . . . . . . . . . . . . . . . . . . . . . . . Recycling Units 25 | . . . . . 6 . 5 2 . 3 2 . . . 4 . . . . 1 . 2 Tunnel 6 | . . . . . 6 . . . . . . . . . . . . . . . . . Fedlink 14 | . . . . . . . 4 1 . 3 2 . . . 3 . . . . . . 1 Scrapoids 5 | . . . . . . . 1 1 . . . . . . 1 . . . . 1 . 1 Scanalyzers . | . . . . . . . . . . . . . . . . . . . . . . . Garrison Access . | . . . . . . . . . . . . . . . . . . . . . . . Data Cores Recovered 1 | . . . . . . . . . . . . . . 1 . . . . . . . . Used . | . . . . . . . . . . . . . . . . . . . . . . . Hacking Detections 44 | . 3 4 2 2 4 . 2 2 . 3 4 . . 2 3 . . . . 2 4 7 Full Trace Events 4 | . 1 . 1 1 . . . . . . . . . . . . . . . . . 1 Feedback Events . | . . . . . . . . . . . . . . . . . . . . . . . Feedback Blocked . | . . . . . . . . . . . . . . . . . . . . . . . Robot Schematics Acquired 2 | . 1 . . . . . . . . . . . . . . . . . . . 1 . Robots Built . | . . . . . . . . . . . . . . . . . . . . . . . Authchips . | . . . . . . . . . . . . . . . . . . . . . . . Time . | . . . . . . . . . . . . . . . . . . . . . . . Total Robot Build Rating . | . . . . . . . . . . . . . . . . . . . . . . . Part Schematics Acquired 6 | . 1 . 1 . 1 . . . . . . . . . . . . . . . 3 . Parts Built . | . . . . . . . . . . . . . . . . . . . . . . . Authchips . | . . . . . . . . . . . . . . . . . . . . . . . Time . | . . . . . . . . . . . . . . . . . . . . . . . Total Part Build Rating . | . . . . . . . . . . . . . . . . . . . . . . . Parts Repaired . | . . . . . . . . . . . . . . . . . . . . . . . Time . | . . . . . . . . . . . . . . . . . . . . . . . Parts Recycled . | . . . . . . . . . . . . . . . . . . . . . . . Recycled Matter . | . . . . . . . . . . . . . . . . . . . . . . . Retrieved Matter . | . . . . . . . . . . . . . . . . . . . . . . . Retrieved Components . | . . . . . . . . . . . . . . . . . . . . . . . Parts Scanalyzed . | . . . . . . . . . . . . . . . . . . . . . . . Part Schematics Acquired . | . . . . . . . . . . . . . . . . . . . . . . . Parts Damaged . | . . . . . . . . . . . . . . . . . . . . . . . Bothacking | -11 -10 -9 -8 -8 -8 -8 -6 -5 -5 -5 -5 -5 -5 -5 -4 -4 -4 -4 -3 -3 -3 -2 ------------ Run | Yrd Mat Mat Mat Sto Rec Scr Fac Fac Was Fac Ext Cet Arc Hub Fac Upp Upp War Pro Res Qua Res Used RIF Installer . | . . . . . . . . . . . . . . . . . . . . . . . Robots Hacked . | . . . . . . . . . . . . . . . . . . . . . . . Non-combat . | . . . . . . . . . . . . . . . . . . . . . . . Combat . | . . . . . . . . . . . . . . . . . . . . . . . Robot Hacks Applied . | . . . . . . . . . . . . . . . . . . . . . . . Relay Couplers Released 2 | . . . . . . . . . . . . . . . . . . . . . 2 . Machine Destruction 2 | . . . . . . . . . . . . . . . . . . . . . 2 . Fabnet Peak Effective % . | . . . . . . . . . . . . . . . . . . . . . . . Robots Rewired 8 | . . . . . . . . . . . 8 . . . . . . . . . . . Allies Hacked 7 | . . . . . . . . . . 4 2 . . . . . . . . . . 1 Hacks Repelled . | . . . . . . . . . . . . . . . . . . . . . . . Allies | -11 -10 -9 -8 -8 -8 -8 -6 -5 -5 -5 -5 -5 -5 -5 -4 -4 -4 -4 -3 -3 -3 -2 -------- Run | Yrd Mat Mat Mat Sto Rec Scr Fac Fac Was Fac Ext Cet Arc Hub Fac Upp Upp War Pro Res Qua Res Total Allies 74 | . . . . 10 . . 5 5 20 . 18 . . . 5 . . . . 5 . 6 Largest Group 24 | . . . . 10 10 7 7 5 24 24 22 14 . . 5 . . . . 5 . 5 Highest-Rated Group 1009 | . . . . 173 173 125 146 235 1009 1009 857 613 . . 238 . . . . 323 . 323 Highest-Rated Ally 159 | . . . . 29 29 29 31 47 50 50 159 159 . . 50 . . . . 67 . 67 Total Orders 12 | . . . . . . 2 3 . 1 . 1 . . 3 2 . . . . . . . STAY 5 | . . . . . . 1 2 . . . 1 . . . 1 . . . . . . . FOLLOW 3 | . . . . . . 1 1 . . . . . . . 1 . . . . . . . EXPLORE 1 | . . . . . . . . . . . . . . 1 . . . . . . . . RETURN 3 | . . . . . . . . . 1 . . . . 2 . . . . . . . . Ally Attacks 717 | . . . . . 23 . 69 . 7 176 170 41 . . 80 . . . . 64 . 87 Total Damage 15569 | . . . . . 238 . 884 . 198 3625 4092 913 . . 1546 . . . . 1752 . 2321 Kills 86 | . . . . . 4 . 4 . 1 22 22 6 . . 9 . . . . 10 . 8 Allies Corrupted 1 | . . . . . . . . . . 1 . . . . . . . . . . . . Allies Melted 2 | . . . . . . . . . . . 1 . . . . . . 1 . . . . Intel | -11 -10 -9 -8 -8 -8 -8 -6 -5 -5 -5 -5 -5 -5 -5 -4 -4 -4 -4 -3 -3 -3 -2 ------- Run | Yrd Mat Mat Mat Sto Rec Scr Fac Fac Was Fac Ext Cet Arc Hub Fac Upp Upp War Pro Res Qua Res Active Infowar (turns) 11146 | . . . . . . . 6 447 402 714 1078 223 198 578 701 798 329 906 632 782 1386 1966 Optics 7504 | . . . . . . . . . . . . . . 4 701 798 329 906 632 782 1386 1966 Structural 2779 | . . . . . . . 6 270 . 494 9 . . . 74 181 328 525 630 240 22 . Machine Analysis 4133 | . . . . . . . . 447 402 714 1078 223 198 578 493 . . . . . . . Cloaking 2526 | . . . . . . . . . . . . . . . . 374 329 672 629 485 37 . Jamming 1618 | . . . . . . . . 127 . 440 322 . . . . 245 . 3 . . 481 . ECM 2 | . . . . . . . . . . . . . . . . . . . . . 2 . Robot Analysis Total 5 | . 2 1 1 . 1 . . . . . . . . . . . . . . . . . Derelict Logs Recovered 1 | . . . . . . . . . . . . . . . . . 1 . . . . . Drone Launches 11 | . . . . . . . . 3 . . . . . 8 . . . . . . . . Drone Recoveries 8 | . . . . . . . . . 3 . . . . 5 . . . . . . . . Exploration | -11 -10 -9 -8 -8 -8 -8 -6 -5 -5 -5 -5 -5 -5 -5 -4 -4 -4 -4 -3 -3 -3 -2 ------------- Run | Yrd Mat Mat Mat Sto Rec Scr Fac Fac Was Fac Ext Cet Arc Hub Fac Upp Upp War Pro Res Qua Res Turns Passed 18115 | . 676 631 793 203 919 2005 1748 447 402 714 1078 223 198 578 701 798 329 906 632 782 1386 1966 Spaces Moved 10621 | 1 288 323 385 79 499 1479 933 409 308 423 679 126 128 394 459 321 295 717 354 453 799 769 Core 622 | . . . . . . 601 . . . . . . . . . . . . . . . 21 Treads 3807 | . 241 290 385 79 499 878 598 . . . . . . . 66 321 . . . . . 450 Legs 48 | 1 47 . . . . . . . . . . . . . . . . . . . . . Wheels 6144 | . . 33 . . . . 335 409 308 423 679 126 128 394 393 . 295 717 354 453 799 298 Hover . | . . . . . . . . . . . . . . . . . . . . . . . Flight . | . . . . . . . . . . . . . . . . . . . . . . . Fastest Speed 50 | 120 120 80 150 152 155 50 90 90 90 100 110 100 110 100 80 160 100 100 120 100 110 50 Average Speed 128 | 120 153 153 154 153 157 130 142 90 91 110 110 109 110 109 107 227 101 104 120 113 116 157 Slowest Speed 490 | 120 160 160 160 155 163 240 400 90 110 120 110 110 110 110 160 240 110 140 120 120 130 490 Overloaded Moves . | . . . . . . . . . . . . . . . . . . . . . . . Propulsion Burnouts . | . . . . . . . . . . . . . . . . . . . . . . . Robots Hopped . | . . . . . . . . . . . . . . . . . . . . . . . Potential Cave-ins 4 | . . . . . . . 3 . . . . . . . . . . . . 1 . . Cave-ins Triggered . | . . . . . . . . . . . . . . . . . . . . . . . Exploration Rate (%) 50 | 2 61 27 45 24 91 83 25 11 95 13 82 48 73 53 19 64 55 93 69 14 83 38 Regions Visited 22 Branch Regions 12 Pre-discovered Areas 13 | . . . . . 6 6 1 . . . . . . . . . . . . . . . Known Exits Taken 15 | . . 1 1 1 1 1 1 . . 1 . . . 1 1 1 1 1 1 1 1 . Unknown Exits Taken 5 | 1 1 . . . . . . . . . 1 1 1 . . . . . . . . . Scrap Searched 15 | . . . . . . 3 . . . . . . . . . 4 3 . 5 . . . Spaces Dug 195 | . 10 . 1 5 . . 75 5 . 4 . . . 4 4 . 2 . 3 2 14 66 Terrain Destroyed 1106 | . 10 . 1 30 . . 204 6 . 6 36 3 19 387 90 . 2 2 9 104 102 95 Melee 71 | . . . 1 2 . . 31 5 . 4 . . . 4 4 . 2 . . 2 13 3 Projectile 364 | . . . . . . . 4 1 . 2 36 3 19 22 21 . . 2 9 67 87 91 AOE 668 | . 10 . . 28 . . 169 . . . . . . 361 65 . . . . 35 . . Terrain Rammed . | . . . . . . . . . . . . . . . . . . . . . . . Walls Destroyed . | . . . . . . . . . . . . . . . . . . . . . . . Machines Disabled . | . . . . . . . . . . . . . . . . . . . . . . . Actions | -11 -10 -9 -8 -8 -8 -8 -6 -5 -5 -5 -5 -5 -5 -5 -4 -4 -4 -4 -3 -3 -3 -2 --------- Run | Yrd Mat Mat Mat Sto Rec Scr Fac Fac Was Fac Ext Cet Arc Hub Fac Upp Upp War Pro Res Qua Res Total 13450 | . 404 415 500 132 605 1563 1174 461 425 567 914 185 148 498 573 363 314 825 546 616 1035 1187 Wait 1017 | . 34 17 31 29 82 32 59 11 92 32 55 4 . 66 7 22 3 15 174 67 11 174 Move 10601 | . 287 322 384 78 498 1478 932 409 307 422 678 125 127 393 459 320 294 716 353 452 798 769 Hop . | . . . . . . . . . . . . . . . . . . . . . . . Pick Up 141 | . 3 12 11 . . 28 13 5 3 5 3 6 . . 10 . 5 8 3 2 17 7 Fast Attach 126 | . 2 7 5 2 3 4 15 2 4 2 . 9 . . 5 . . 9 . 8 21 28 Attach 91 | . 4 3 1 1 1 . 12 2 1 2 2 4 . 5 14 4 1 3 1 4 10 16 Detach 34 | . 2 1 . . . . 5 . . . . . . 2 7 1 1 3 . 2 3 7 Swap 119 | . 3 6 8 3 4 1 7 4 4 10 8 5 1 8 3 1 1 6 2 3 18 13 Drop 194 | . 3 17 9 . 1 20 16 6 10 7 2 15 . 2 8 . . 17 2 8 32 19 Fire 769 | . 65 25 43 6 1 . 69 16 4 25 61 6 20 17 40 15 . 39 11 68 91 147 Melee 178 | . . . 8 13 15 . 46 6 . 7 . 11 . 5 20 . 9 . . 2 33 3 Ram 3 | . . . . . . . . . . . 1 . . . . . . . . . 1 1 Kick 1 | . 1 . . . . . . . . . . . . . . . . . . . . . Crush 8 | . . 5 . . . . . . . . . . . . . . . . . . . 3 Escape Stasis 48 | . . . . . . . . . . . 48 . . . . . . . . . . . Rewire 49 | . . . . . . . . . . 1 48 . . . . . . . . . . . Trap . | . . . . . . . . . . . . . . . . . . . . . . . Miscellaneous 71 | . . . . . . . . . . 54 8 . . . . . . 9 . . . . Route ------- -11/Scrapyard -10/Materials (discovered 3 exits: *Mat x2 / [*Min]) -9/Materials (discovered 2 exits: *Mat / Min) -8/Materials (discovered 3 exits: *Fac x2 / *Sto) -8/Storage -8/Recycling (discovered 2 exits: *Fac / *Scr) -8/Scraptown -6/Factory (discovered 3 exits: *Fac x2 / Low) -5/Factory -5/Waste -5/Factory (discovered 4 exits: Upp x2 / *Ext x2) -5/Extension (discovered 2 exits: *Fac / [*Cet]) -5/Cetus -5/Archives (discovered 3 exits: *Fac / *Hub x2) -5/Hub_04(d) (discovered 4 exits: *Fac x4) -4/Factory (discovered 6 exits: Res x4 / *Upp x2) -4/Upper Caves -4/Upper Caves (discovered 2 exits: Res / *War) -4/Warlord -3/Proximity Caves -3/Research (discovered 6 exits: *Res x3 / Arm / *Qua x2) -3/Quarantine -2/Research (discovered 2 exits: [*Acc] / *Tes) History --------- Turn | Location | Event 1 | -11/Scrapyard | Discovered new exit (range 0) 1 | -11/Scrapyard | Entered Materials 1 | -10/Materials | Discovered new exit (range 7) 266 | -10/Materials | Discovered new exit (range 11) 311 | -10/Materials | Build established: Mutant 591 | -10/Materials | Core integrity fell below 50% 624 | -10/Materials | Discovered new exit (range 15) 677 | -10/Materials | Entered another Materials area 677 | -9/Materials | Evolved 2 slots: Propulsion x1, Utility x1 1214 | -9/Materials | Discovered new exit (range 15) 1242 | -9/Materials | Identified exit to Mines 1274 | -9/Materials | Identified exit to Materials 1308 | -9/Materials | Entered another Materials area 1308 | -8/Materials | Evolved 2 slots: Propulsion x1, Utility x1 1553 | -8/Materials | Identified exit to Storage 1714 | -8/Materials | Discovered new exit (range 4) 1717 | -8/Materials | Identified exit to Factory 1914 | -8/Materials | Discovered exit to Factory (range 13) 2101 | -8/Materials | Entered Storage 2108 | -8/Storage | Identified exit to Recycling 2181 | -8/Storage | Garrison activated, responded to threat 2256 | -8/Storage | Lost 3 parts (1n1u1w) 2262 | -8/Storage | Assisted by bots powering up and referring to "LRC-V3" 2273 | -8/Storage | Used back door to open Recycling access 2304 | -8/Storage | Entered Recycling 2304 | -8/Recycling | Accompanied by 10 allies 2553 | -8/Recycling | Build established: Commander-Mutant 2724 | -8/Recycling | Discovered new exit (range 11) 2742 | -8/Recycling | Lost 3 allies 3103 | -8/Recycling | Scanned before Scraplab entrance 3174 | -8/Recycling | Entered Scraplab 3186 | -8/Recycling | Discovered new exit (range 3) 3188 | -8/Recycling | Identified exit to Scraptown 3223 | -8/Recycling | Entered Scraptown 3223 | -8/Scraptown | Accompanied by 7 allies 3498 | -8/Scraptown | Visited IN-MT5's Study 3510 | -8/Scraptown | Visited Spacefarers 3536 | -8/Scraptown | Visited Cyclists 3566 | -8/Scraptown | Visited Comm Corps 3624 | -8/Scraptown | Visited Cave Peace 3662 | -8/Scraptown | Visited UFD Registry 3662 | -8/Scraptown | Registered with UFD as "Mattercircuit" 3687 | -8/Scraptown | Visited Fellowship of the Rings 3700 | -8/Scraptown | Visited Symbiants 3749 | -8/Scraptown | Entered Cyclist Reading Room 3754 | -8/Scraptown | Learned location of Zion (-6) 3850 | -8/Scraptown | Visited LU-1G1's Boring Crew 3888 | -8/Scraptown | Visited Chapter 10 3910 | -8/Scraptown | Visited Supply Room 3948 | -8/Scraptown | Visited Junk Cannon Lab 3991 | -8/Scraptown | Visited Infowarlord's Domain 4011 | -8/Scraptown | Visited Observation Area 4055 | -8/Scraptown | Visited Junk Repository 4066 | -8/Scraptown | Visited Scrap Suit Storage 4074 | -8/Scraptown | Visited Science Testing Area 4093 | -8/Scraptown | Visited Cartography Club 4122 | -8/Scraptown | Found Deep Structural Scanner 4128 | -8/Scraptown | Learned location of 2 exits from Proximity Caves 4128 | -8/Scraptown | Learned location of 2 exits from Lower Caves 4128 | -8/Scraptown | Learned 20 Proximity Caves zone layouts 4128 | -8/Scraptown | Learned 12 Proximity Caves zone layouts 4128 | -8/Scraptown | Learned 12 Upper Caves zone layouts 4128 | -8/Scraptown | Learned 24 Upper Caves zone layouts 4128 | -8/Scraptown | Learned 16 Lower Caves zone layouts 4128 | -8/Scraptown | Learned 8 Lower Caves zone layouts 4128 | -8/Scraptown | Learned 4 Access zone layouts 4128 | -8/Scraptown | Learned 24 Factory zone layouts 4128 | -8/Scraptown | Learned location of Quarantine (-3) 4128 | -8/Scraptown | Learned location of Testing (-2) 4128 | -8/Scraptown | Learned location of Lower Caves (-6) 4237 | -8/Scraptown | Found Spectral Analyzer 4263 | -8/Scraptown | Found Scrap Suit 4265 | -8/Scraptown | Found Scrap Suit 4598 | -8/Scraptown | Heard Great Nut preacher, LISTEN AND RECITE! 5126 | -8/Scraptown | Met Optimus 5126 | -8/Scraptown | Accepted into 0bPrime 5209 | -8/Scraptown | Discovered new exit (range 3) 5211 | -8/Scraptown | Identified exit to Factory 5228 | -8/Scraptown | Entered Factory 5228 | -6/Factory | Accompanied by 7 allies 5228 | -6/Factory | Evolved 4 slots: Utility x2, Weapon x2 5229 | -6/Factory | Identified exit to Factory 5229 | -6/Factory | Identified exit to Lower Caves 5706 | -6/Factory | Loaded intel: 8 recycling unit locations 5854 | -6/Factory | Lost 5 allies 5934 | -6/Factory | Learned location of Protoforge (-2) 6003 | -6/Factory | Build established: Scavenger-Gunner 6028 | -6/Factory | Spotted B-75 Beast 6070 | -6/Factory | Destroyed B-75 Beast 6091 | -6/Factory | Lost 8 parts (1p3n1u3w) 6236 | -6/Factory | Lost 4 parts (1p1n2w) 6368 | -6/Factory | Scrapoid reinforcements arrived 6505 | -6/Factory | Build established: Scavenger-Mutant 6572 | -6/Factory | Found Scrap Suit 6856 | -6/Factory | Build established: Scavenger-Scrapper 6976 | -6/Factory | Entered another Factory area 6976 | -5/Factory | Evolved 2 slots: Utility x2 6977 | -5/Factory | Identified exit to Extension 7075 | -5/Factory | Loaded intel: 8 recycling unit locations 7416 | -5/Factory | Scrapoids reinforcements arrived? 7423 | -5/Factory | Sucked down chute 7423 | -5/Factory | Entered Waste 7424 | -5/Waste | Joined by Warlord forces that had cleared the area 7543 | -5/Waste | 3 allies followed down the chute 7553 | -5/Waste | 4 allies followed down the chute 7691 | -5/Waste | Discovered new exit (range 16) 7743 | -5/Waste | A Compactor rumbled back to life 7743 | -5/Waste | Spotted C-40 Crusher 7743 | -5/Waste | Allies destroyed C-40 Crusher 7825 | -5/Waste | Entered Factory 7825 | -5/Factory | Accompanied by 24 allies 7890 | -5/Factory | Loaded intel: 8 recycling unit locations 7979 | -5/Factory | Identified exit to Upper Caves 8289 | -5/Factory | Lost 3 allies 8303 | -5/Factory | Garrison activated, responded to threat 8439 | -5/Factory | Lost 3 allies 8539 | -5/Factory | Entered Extension 8539 | -5/Extension | Accompanied by 10 allies 8665 | -5/Extension | Rescued a captive Derelict 8668 | -5/Extension | Rescued a captive Derelict 8752 | -5/Extension | Loaded intel: 2 recycling unit locations 8770 | -5/Extension | Rescued a captive Derelict 8771 | -5/Extension | Rescued a captive Derelict 8789 | -5/Extension | Rescued a captive Derelict 8831 | -5/Extension | Rescued a captive Derelict 8833 | -5/Extension | Rescued a captive Derelict 8858 | -5/Extension | Spotted B-75 Beast 8878 | -5/Extension | Destroyed B-75 Beast 8911 | -5/Extension | Spotted B-75 Beast 8924 | -5/Extension | Destroyed B-75 Beast 9121 | -5/Extension | Discovered new exit (range 16) 9122 | -5/Extension | Discovered new exit (range 15) 9139 | -5/Extension | First assault squad dispatched 9278 | -5/Extension | Rescued a captive Derelict 9290 | -5/Extension | Rescued a captive Derelict 9349 | -5/Extension | Rescued a captive Derelict 9422 | -5/Extension | Rescued A7 9455 | -5/Extension | Disrupted transfer network 9617 | -5/Extension | Entered Cetus 9617 | -5/Cetus | Accompanied by 14 allies (A7) 9622 | -5/Cetus | Acquired a Cetus Manufacturing Module code from A7 9635 | -5/Cetus | Spotted Cetus Guard 9642 | -5/Cetus | Spotted Cetus Guard 9643 | -5/Cetus | Spotted Cetus Guard 9644 | -5/Cetus | Spotted Cetus Guard 9661 | -5/Cetus | Allies destroyed Cetus Guard 9661 | -5/Cetus | Allies destroyed Cetus Guard 9665 | -5/Cetus | Destroyed Cetus Guard 9666 | -5/Cetus | Allies destroyed Cetus Guard 9696 | -5/Cetus | Lost 4 allies 9749 | -5/Cetus | Murdered A7 9753 | -5/Cetus | Extracted ID and sensor layout for unrecognized location from A7's data core 9774 | -5/Cetus | Found Prototype Protection 9774 | -5/Cetus | Identified Med. Regenerative Plating 9823 | -5/Cetus | Discovered new exit (range 15) 9840 | -5/Cetus | Entered Archives 9924 | -5/Archives | Discovered new exit (range 16) 9937 | -5/Archives | Discovered new exit (range 16) 9952 | -5/Archives | Discovered new exit (range 16) 10038 | -5/Archives | Entered Hub_04(d) 10347 | -5/Hub_04(d) | Discovered new exit (range 5) 10348 | -5/Hub_04(d) | Allied Derelicts emerged from ambush trap array 10471 | -5/Hub_04(d) | Identified exit to Factory 10570 | -5/Hub_04(d) | Network Hub disabled 10578 | -5/Hub_04(d) | Network Hub disabled 10600 | -5/Hub_04(d) | Spotted Lightning 10616 | -5/Hub_04(d) | Entered Factory 10616 | -4/Factory | Evolved 2 slots: Utility x2 10658 | -4/Factory | Scrapoid reinforcements arrived 10660 | -4/Factory | Loaded intel: 7 recycling unit locations 10694 | -4/Factory | Found Scrap Suit 10866 | -4/Factory | First assault squad dispatched 10880 | -4/Factory | Build established: Scavenger-Tank 10946 | -4/Factory | Identified exit to Upper Caves 10946 | -4/Factory | Identified exit to Research 10991 | -4/Factory | Found Scrap Suit 11116 | -4/Factory | Destroyed 9 combat bots 11199 | -4/Factory | Garrison activated, responded to threat 11225 | -4/Factory | Lost 7 parts (5u2w) 11317 | -4/Factory | Entered Upper Caves 11318 | -4/Upper Caves | Identified exit to Upper Caves 11319 | -4/Upper Caves | Attracted the attention of an 0b10 checkpoint 11623 | -4/Upper Caves | Build established: Scavenger-Mutant 11717 | -4/Upper Caves | Lost 3 parts (2u1w) 11993 | -4/Upper Caves | Build established: Scavenger-Tank 12115 | -4/Upper Caves | Entered another Upper Caves area 12116 | -4/Upper Caves | Identified exit to Warlord 12275 | -4/Upper Caves | Learned Research security intel 12409 | -4/Upper Caves | Spotted B-86 Titan 12444 | -4/Upper Caves | Entered Warlord 12445 | -4/Warlord | Identified exit to Proximity Caves 12840 | -4/Warlord | Visited the Vortex Lab 12840 | -4/Warlord | Warlord's base attacked by MAIN.C 12847 | -4/Warlord | Found Prototype Piercing Weapon 12849 | -4/Warlord | Found Prototype Piercing Weapon 12917 | -4/Warlord | Rebuked by Warlord 12951 | -4/Warlord | Found Prototype Reactor 12958 | -4/Warlord | Found Prototype Processor 12958 | -4/Warlord | Identified Exp. Targeting Computer 12964 | -4/Warlord | Found Prototype Hackware 12970 | -4/Warlord | Found Prototype Processor 12970 | -4/Warlord | Identified Exp. Core Analyzer 12973 | -4/Warlord | Found Prototype Device 12973 | -4/Warlord | Identified Exp. Focal Shield 13091 | -4/Warlord | Found Prototype Ballistic Cannon 13091 | -4/Warlord | Identified Hvy. Autocannon 13111 | -4/Warlord | Found Hvy. Autocannon 13148 | -4/Warlord | Destroyed D0-U1M(g) 13189 | -4/Warlord | Spotted Executioner 13190 | -4/Warlord | Warlord forces counterattacked 13240 | -4/Warlord | Spotted Striker 13249 | -4/Warlord | Destroyed Striker 13266 | -4/Warlord | Spotted Executioner 13307 | -4/Warlord | Lost 5 allies 13340 | -4/Warlord | Spotted Striker 13350 | -4/Warlord | Entered Proximity Caves 13380 | -3/Proximity Caves | Lost 5 allies 13539 | -3/Proximity Caves | Spotter reported a threat 13982 | -3/Proximity Caves | Entered Research 13982 | -3/Research | Evolved 2 slots: Utility x1, Weapon x1 14019 | -3/Research | Identified Ghost Barrier 14022 | -3/Research | Identified exit to Armory 14022 | -3/Research | Identified exit to Quarantine 14067 | -3/Research | Identified exit to Research 14140 | -3/Research | Scrapoid reinforcements arrived 14256 | -3/Research | Lost 3 allies 14273 | -3/Research | Found Scrap Suit 14673 | -3/Research | Lost 3 parts (2u1w) 14732 | -3/Research | First assault squad dispatched 14764 | -3/Research | Entered Quarantine 14893 | -3/Quarantine | Found Alien Artifact 14893 | -3/Quarantine | Identified Phase Redirector 15038 | -3/Quarantine | Found Alien Artifact 15038 | -3/Quarantine | Identified Subatomic Replicator 15115 | -3/Quarantine | Found Alien Artifact 15115 | -3/Quarantine | Identified Phase Armor 15280 | -3/Quarantine | Found Alien Energy Cannon 15342 | -3/Quarantine | Build established: Scavenger-Gunner 15387 | -3/Quarantine | Found Prototype Launcher 15387 | -3/Quarantine | Identified Com. Tesla Bomb Launcher 15389 | -3/Quarantine | Identified Vortex Lance (x2) 15476 | -3/Quarantine | Core integrity fell below 50% 15757 | -3/Quarantine | Spotted Alpha 7 15767 | -3/Quarantine | Discovered exit to Research (range 15) 15776 | -3/Quarantine | Lost 6 parts (2u4w) 15819 | -3/Quarantine | Found Prototype Ballistic Gun 15839 | -3/Quarantine | Identified Multirail 15848 | -3/Quarantine | Found Alien Artifact 15857 | -3/Quarantine | Found Alien Artifact 15888 | -3/Quarantine | Found Alien Launcher 15963 | -3/Quarantine | Destroyed Alpha 7 15977 | -3/Quarantine | Found Prototype Processor 15977 | -3/Quarantine | Identified Exp. Target Analyzer 15985 | -3/Quarantine | Found Prototype Device 15985 | -3/Quarantine | Identified Exp. ECM Suite 16061 | -3/Quarantine | Found Exp. Targeting Computer 16150 | -3/Quarantine | Entered Research 16150 | -2/Research | Evolved 2 slots: Utility x2 16151 | -2/Research | Identified exit to Testing 16605 | -2/Research | Spotted B-90 Cyclops 16632 | -2/Research | Destroyed B-90 Cyclops 16902 | -2/Research | Destroyed 7 combat bots 16932 | -2/Research | Spotted B-90 Cyclops 16936 | -2/Research | Destroyed B-90 Cyclops 17037 | -2/Research | Loaded intel: 5 recycling unit locations 17156 | -2/Research | Garrison activated, responded to threat 17400 | -2/Research | First assault squad dispatched 17411 | -2/Research | P-80 Master assimilated allied Technician 9a 17516 | -2/Research | Core integrity fell below 50% 17549 | -2/Research | Lost 6 parts (1p1u4w) 17706 | -2/Research | Identified Core Cannon 17796 | -2/Research | Scrapoid reinforcements arrived 17844 | -2/Research | Discovered new exit (range 24) 17905 | -2/Research | Garrison activated, responded to threat 17936 | -2/Research | Found Scrap Suit 17953 | -2/Research | Lost 3 parts (3u) 18025 | -2/Research | Lost 3 allies 18058 | -2/Research | System corruption reached 10% 18103 | -2/Research | Core integrity fell below 20% 18116 | -2/Research | Destroyed by G-73 Enforcer with Phase Gun Last Messages --------------- 18077_ Exp. Targeting Computer destroyed. 18077_ System corrupted by crushing effect (+3). 18082_ ALERT: Hostiles spotted, dispatching reinforcements to Terminal R018. 18086_ Lgt. Quantum Reactor destroyed. 18092_ |F=2YZBMJTCVRDDF L6WAOGCET5 NC/VEGFNB 18094_ Ovr. Huge Scrapsphere destroyed. 18094_ Adv. Heat Sink destroyed. 18096_ Door malfunctions. 18097_ Ovr. Huge Scrapsphere destroyed. 18099_ Dropped Hcp. Storage Unit. 18099_ Adv. Heat Sink destroyed. 18099_ Dropped Prototype Reactor. 18100_ Dropped Lgt. Quantum Reactor. 18101_ Acquired Subatomic Replicator. 18102_ Acquired Vortex Lance. 18103_ Door malfunctions. 18110_ System corrupted: Heat flow error (+112). 18111_ Penetrated by Slug. 18111_ Knocked back. Map ----- +----------------------------------------------------+ | ?????????????????# #?????????# #???????? | | ?????????????????# o#?????????# #???????? | | ?????????######### #?????????# #???????? | | ?????????# / #?????????#/######### | | ?????????# # ###???????# | | ?????????# #!] T#???????# | | ?????????# #|[/ ""#???????# | | ?????????# """ #!*! ###???????# | | ?????????# """ / *! #?????????# | | ?????????# """ # !* #?????????# | | ?????????# """ #* #?????????# | | ?????????# """ # #?????????# "" "" | | ?????????# # #?????????# "F "" | | ?????????# #p #?????????# """"" | | ?????????########; #?????????# | | ????????????????## #?????????# | | ?????????######### #?????????########### | | ?????????# = / #????????????????# ## | | ?????????# #g #????????????????# | | ?????????# #g #????????????????# | | ?????????# = # #????????????????# | | ?????????# # ###+####?????????# | | ?????????# ! + ######????# | | ?????????# # #????# | | ?????????# [[ # +????# | | ?????????# [[ #@ ######????# | | ?????????# [[ ## ####+##+#?????????# | | ?????????# ## #?????????????????#?? | | ?????????########## #?????????????????# | | ??????????????????? #?????????????????# | | ??????????????????? #?????????????????#### | | ??????????????????? ????????????????????? | | ??????????????????? H ????????????????????? | | ??????????????????? ???????????????????? | | ??????????????????? > ???????????????????? | | ??????????????????? #??????????????????? | | ??????????????????? #??????????????????? | | ???????????????????#####??????????????????? | | ??????????????????????????????????????????? | | ??????????????????????????????????????????? | | ??????????????????????????????????????????? | | ??????????????????????????????????????????? | | ??????????????????????????????????????????? | | ??????????????????????????????????????????? | | ??????????????????????????????????????????? | | ??????????????????????????????????????????? | | ??????????????????????????????????????????? | | ??????????????????????????????????????????? | | ??????????????????????????????????????????? | | | +----------------------------------------------------+ Best States ------------- Heat Dissipation 156 Energy Generation 36 Energy Capacity 350 Matter Stores 300 Matter Capacity 300 Sight Range 24 Terrain Scan Density 10 Jamming Range 14 Cloak Strength 3 Power Amplification 30 Additional Mass Support 16 Armor Coverage 1200 Resistance: KI 30 Resistance: TH 25 Weapon Shielding 66 Point Defense Rating 240 Phase Shifting 15 Evasion (%) 55 Targeting Accuracy 36 Target Analysis 14 Core Analysis 8 Recoil Reduction 4 Salvage Targeting 4 Offensive Hacking 42 Defensive Hacking 20 Authchip Count 1 Item Schematics ----------------- Hcp. Storage Unit | -10/Materials | Hacked Hacking Suite | -8/Materials | Hacked Katana | -8/Recycling | Hacked Cld. Field Propulsion Drive | -3/Quarantine | Archive Cld. Impulse Thruster | -3/Quarantine | Archive Imp. Matter Neutralizer | -3/Quarantine | Archive Robot Schematics ------------------ O-16 Technician | -10/Materials | Hacked R-10 Processor | -3/Quarantine | Archive Fabricated ------------ Nothing Repaired ---------- Nothing Alien Tech Used ----------------- Phase Redirector Subatomic Replicator Phase Armor Core Cannon Achievements -------------- None Challenges ------------ None Game ------ Seed ThrowingMediumRipper Manual? 0 Play Time 04:12:42 Cumulative 556.7 hours Start 2025.06.22 @ 12:36:31 End 2025.06.23 @ 02:52:16 Sessions 3 Manual Loads 0 Difficulty Rogue Special Mode None Game No. 668 Rogue 668 Adventurer 0 Explorer 0 Win Type - Total 20 Types 14/0/5/1/0/0/0/0/0/0 Lore% 85 Gallery% 83 Achievement% 83 Wizard Run 0 Options --------- Layout 0 ASCII 0 Keyboard 0 Movement Numpad Keybinds 0 Fullscreen 1 Font 18/SmallcapsGlow Map View 76x50 Zoom Use 0% Tactical HUD 1 Map Filters NONE Filters NONE Steam 1 RUN: ccebdcf2-becb-425c-a833-aafea8318c8b